 Dungeon Crawl Stone Soup version 0.29.1-12-g30fa7ad0bf (webtiles) character file.

Game seed: 3387662066768004025

137 sweetbreads the Sneak (level 5, 0/24 HPs)
             Began as a Spriggan Enchanter on Jan 7, 2023.
             Shot with an arrow by a centaur (11 damage)
             ... on level 3 of the Dungeon.
             The game lasted 00:12:45 (3143 turns).

sweetbreads the Sneak (Spriggan Enchanter)          Turns: 3143, Time: 00:12:45

Health: 0/24       AC:  3    Str:  4    XL:     5   Next: 0%
Magic:  2/10       EV: 17    Int: 18    God:
Gold:   192        SH:  0    Dex: 16    Spells: 2/10 levels left

rFire   . . .      SeeInvis +   a - +1 dagger (speed)
rCold   . . .      Faith    .   (no shield)
rNeg    . . .      Spirit   .   b - +0 robe
rPois   .          Reflect  .   (helmet restricted)
rElec   .          Harm     .   v - +0 cloak
rCorr   .          Rampage  .   (gloves unavailable)
Will    .....                   (boots unavailable)
Stlth   +++.......              (no amulet)
HPRegen 0.08/turn               (no ring)
MPRegen 0.12/turn               (no ring)

@: very slightly contaminated, very quick
A: very small, no large weapons, unfitting armour, see invisible, speed 3
a: no special abilities


You were on level 3 of the Dungeon.
You visited 1 branch of the dungeon, and saw 4 of its levels.

You collected 192 gold pieces.

Inventory:

Hand Weapons
 a - a +1 dagger of speed (weapon)
 m - a +1 dagger
 t - a +0 rapier
 u - a +3 quarterstaff of chaos
 w - a +0 hammer of protection
Missiles
 o - 11 poisoned darts (quivered)
Armour
 b - a +0 robe (worn)
 v - a +0 cloak (worn)
Jewellery
 i - a ring of ice
Scrolls
 d - a scroll of fear {unknown}
 g - 2 scrolls of identify {unknown}
 h - a scroll of teleportation {unknown}
 j - a scroll of noise {unknown}
 l - a scroll of silence {unknown}
 n - 3 scrolls of fog {unknown}
 r - a scroll of poison {unknown}
 s - a scroll of vulnerability {unknown}
Potions
 c - 2 potions of invisibility
 e - 2 potions of curing
 f - 2 potions of attraction {unknown}
 k - a potion of brilliance {unknown}
 p - a potion of heal wounds {unknown}
 q - a potion of ambrosia {unknown}
 x - a potion of lignification {unknown}
 z - a potion of degeneration {unknown}


   Skills:
 * Level 3.2 Short Blades
 - Level 3.0 Dodging
 + Level 6.1 Stealth
 - Level 3.0 Spellcasting
 + Level 4.5 Hexes
 - Level 0.3 Ice Magic


You had 2 spell levels left.
You knew the following spells:

 Your Spells              Type           Power      Damage    Failure   Level
a - Ensorcelled Hibernat  Hex/Ice        22%        N/A       9%          2
b - Confusing Touch       Hex            19%        N/A       8%          3
c - Tukima's Dance        Hex            19%        N/A       8%          3

Your spell library contained the following spells:

 Spells                   Type           Power      Damage    Failure   Level
 Summon Small Mammal      Summ           8%         N/A       16%         1
 Blink                    Tloc           4%         N/A       24%         2
 Dazzling Flash           Conj/Hex       20%        N/A       19%         3
 Summon Guardian Golem    Hex/Summ       10%        N/A       19%         3
 Call Canine Familiar     Summ           2%         N/A       43%         3
 Lesser Beckoning         Tloc           2%         N/A       43%         3
 Manifold Assault         Tloc           2%         N/A       99%         5


Dungeon Overview and Level Annotations

Branches:
Dungeon (4/15)
 Temple: D:4-7

Altars:

Annotations:
D:2 Sigmund
D:4 1 runed translucent door, ctx's ghost, amateur MeEE


Innate Abilities, Weirdness & Mutations

You are very small and have problems with some larger weapons.
You are too small for most types of armour.
You have supernaturally acute eyesight. (SInv)
You cover ground extremely quickly. (Speed+++)


Message History

Aim: a worm (chance to affect: 53%)
The worm resists with significant effort.
The worm bites you!
Casting: Ensorcelled Hibernation (safe; 9% risk of failure)
Confirm with . or Enter, or press ? or * to list all spells.
You don't have enough magic to cast this spell.
Unknown command.
You hit the worm but do no damage. You hit the worm.
The worm is lightly wounded.
The worm misses you.
You completely miss the worm.
The worm is lightly wounded.
You hit the worm.
The worm is moderately wounded.
A centaur opens the door.
There is an open door here.
You hit the centaur but do no damage. The centaur hits you.
The centaur completely misses you.
You hit the centaur.
The centaur is lightly wounded.
The centaur completely misses you. The centaur barely misses you.
The centaur hits you. The centaur closely misses you. The centaur hits you.
The centaur misses you.
You hit the centaur but do no damage.
The centaur is lightly wounded.
The centaur completely misses you. The centaur barely misses you.
The centaur hits you.
* * * LOW HITPOINT WARNING * * *
The centaur misses you.
It was a potion of curing.
You feel better.
The centaur hits you but does no damage.
The centaur kicks you but does no damage.
Okay, then.
You hit the worm.
The worm is lightly wounded.
The centaur barely misses you. The centaur kicks you.
The centaur wields a +0 shortbow.
The centaur shoots an arrow.
The arrow hits you!
You die...

..... ....... .....
. ... .# #'# ###.#
#########.##....#
#.............#
#..(.....w..#.#####
#..>.....c.@.......
########'####.#####
#######.#### #
...........#
...........#
.............J.
...............
..!............
...........###.


You could see a centaur and a worm.

Vanquished Creatures
  Crazy Yiuf (D:2)
  An iguana (D:3)
  An adder (D:2)
  2 worms (D:2)
  2 dart slugs
  An orc (D:4)
  An endoplasm (D:1)
  10 giant cockroaches
  10 hobgoblins
  3 jackals (D:1)
  4 kobolds
  4 quokkas
  3 ball pythons
  6 bats
  4 frilled lizards
  4 goblins
  A rat (D:2)
58 creatures vanquished.

Vanquished Creatures (others)
  A withered plant (D:4)
1 creature vanquished.

Grand Total: 59 creatures vanquished

Notes
Turn   | Place    | Note
-------+----------+-------------------------------------------
     0 | D:1      | sweetbreads the Spriggan Enchanter began the quest for the
                  | Orb.
     0 | D:1      | Reached XP level 1. HP: 9/9 MP: 5/5
   485 | D:1      | Reached XP level 2. HP: 13/13 MP: 6/6
   488 | D:1      | Learned a level 2 spell: Ensorcelled Hibernation
  1119 | D:2      | Reached skill level 5 in Stealth
  1163 | D:2      | Reached XP level 3. HP: 16/16 MP: 3/8
  1167 | D:2      | Learned a level 3 spell: Confusing Touch
  1171 | D:2      | Learned a level 3 spell: Tukima's Dance
  1600 | D:1      | Found a faded altar of an unknown god.
  2162 | D:3      | Reached XP level 4. HP: 10/21 MP: 9/9
  2410 | D:2      | Noticed Sigmund
  2461 | D:2      | Found a runed translucent door.
  2462 | D:2      | Noticed Crazy Yiuf
  2477 | D:2      | Killed Crazy Yiuf
  2847 | D:3      | Reached skill level 6 in Stealth
  2874 | D:4      | Noticed ctx's ghost (amateur MeEE)
  2874 | D:4      | Found a runed translucent door.
  2961 | D:4      | Reached XP level 5. HP: 12/24 MP: 7/10
  3117 | D:3      | Noticed a centaur
  3143 | D:3      | Shot with an arrow by a centaur

Illustrated notes

Levels and vault maps discovered:
D:1:      minmay_arrival_four_circles, layout_basic, basic_ecumenical_altar,
          minmay_pentomino_x4
D:2:      layout_rooms, kennysheep_generic_room_15, uniq_crazy_yiuf_cottage,
          uniq_sigmund
D:3:      layout_basic, minitemple
D:4:      layout_rooms, gammafunk_ghost_grave

Skill      XL: |  1  2  3  4 |
---------------+-------------+-----
Dodging        | 3 |  3.0
Spellcasting   | 3 |  3.0
Hexes          | 4 |  4.5
Stealth        | 5 6 |  6.1
Short Blades   | 2 3 |  3.2
Ice Magic      | |  0.3

Action                   |  1- 3 |  4- 6 || total
-------------------------+-------+-------++-------
Melee: Dagger            |   183 |    38 ||   221
       Punch             |     3 |     1 ||     4
 Cast: Ensorcelled Hiber |    20 |     6 ||    26
       Confusing Touch   |       |     1 ||     1
  Use: Potion            |       |     1 ||     1
 Stab: Sleeping          |    20 |     6 ||    26
       Confused          |       |     1 ||     1
Armor: Robe              |    19 |     2 ||    21
Dodge: Dodged            |   115 |    17 ||   132
